 Dungeon Crawl Stone Soup version 0.20-a0-960-ge493e74 (webtiles) character file.

123 Murumi the Covert (level 5, -5/45 HPs)
             Began as a Naga Assassin on Apr 7, 2017.
             Slain by a gnoll
             ... wielding a +0 flail
              (6 damage)
             ... on level 2 of the Dungeon.
             The game lasted 00:06:32 (1823 turns).

Murumi the Covert (Naga Assassin)                   Turns: 1823, Time: 00:06:33

Health: -5/45      AC:  3    Str: 13    XL:     5   Next: 7%
Magic:  5/5        EV:  9    Int: 11    God:
Gold:   22         SH:  0    Dex: 14    Spells: 4/4 levels left

rFire    . . .     SeeInvis +   a - +2 dagger
rCold    . . .     Gourm    .   (no shield)
rNeg     . . .     Faith    .   c - +0 robe
rPois    +         Spirit   .   (no helmet)
rElec    .         Reflect  .   d - +0 cloak
rCorr    .         Harm     .   (no gloves)
MR       .....                  (no barding)
Stlth    ++++......             (no amulet)
Regen    0.2/turn               (no ring)
MPRegen  0.1/turn               (no ring)

@: very slow
A: see invisible, deformed body, poison resistance, slowness 2, slow metabolism
1, spit poison 1, AC +1
a: Spit Poison


You were on level 2 of the Dungeon.
You were not hungry.

You visited 1 branch of the dungeon, and saw 2 of its levels.

You collected 22 gold pieces.

Inventory:

Hand Weapons
 a - a +2 dagger (weapon)
 b - a +0 blowgun
Missiles
 e - 8 poisoned needles
 f - 2 curare-tipped needles
Armour
 c - a +0 robe (worn)
 d - a +0 cloak (worn)
Scrolls
 h - 2 scrolls of fear
Potions
 k - a potion of curing
Comestibles
 g - a bread ration
 i - a meat ration
 j - 4 fruits
 l - 3 chunks of flesh


   Skills:
 - Level 2.0 Fighting
 - Level 2.0 Short Blades
 - Level 1.7 Throwing
 - Level 1.0 Dodging
 + Level 9.3 Stealth


You had 4 spell levels left.
You didn't know any spells.

Dungeon Overview and Level Annotations

Branches:
Dungeon (2/15)

Altars:


Innate Abilities, Weirdness & Mutations

You cannot wear boots.
Your serpentine skin is tough. (AC +1)
You have supernaturally acute eyesight. (SInv)
Armour fits poorly on your strangely shaped body.
Your system is resistant to poisons. (rPois)
You cover ground very slowly.
You have a slow metabolism.
You can spit poison.


Message History

The ball python bites you but does no damage.
You barely miss the ball python.
The ball python bites you but does no damage.
You barely miss the ball python.
The ball python bites you but does no damage.
An adder comes into view.
The adder hisses angrily.
You hit the ball python.
You kill the ball python!
The gnoll throws a stone.
The stone hits you.
* * * LOW HITPOINT WARNING * * *
The gnoll throws a stone.
The stone barely misses you.
You hit the gnoll.
The gnoll is moderately wounded.
The gnoll hits you with a flail.
* * * LOW HITPOINT WARNING * * *
You hit the gnoll but do no damage.
The gnoll is moderately wounded.
The gnoll hits you with a flail.
You die...

.. #.# .......)###.#
........#...#### # ..
........#......##.# ##.. ..
.................. ...#..#
...............#... ...#...
...........$....<.# .#...
..........Sg.#@##..#..##...#
$...........##g#..# #..>..#
.........S((.g....###..<.#
..........(.##.(....#...##
.........(.....#.#....## ##
................#....#####...
###.........#..............#
#.....)........)..###.##.#
######...........##.#.......#.#


You could see 2 gnolls.

Vanquished Creatures
  A bullfrog (D:1)
  A gnoll (D:2)
  An ooze (D:1)
  A worm (D:2)
  2 dart slugs (D:1)
  A leopard gecko (D:1)
  2 ball pythons
  3 bats (D:1)
  3 giant cockroaches (D:1)
  5 goblins
  5 hobgoblins (D:1)
  2 jackals (D:1)
  4 kobolds
  3 frilled lizards
  4 rats (D:1)
38 creatures vanquished.

Notes
Turn   | Place    | Note
-------+----------+-------------------------------------------
     0 | D:1      | Murumi the Naga Assassin began the quest for the Orb.
     0 | D:1      | Reached XP level 1. HP: 19/19 MP: 1/1
     7 | D:1      | Reached skill level 6 in Stealth
    21 | D:1      | Reached XP level 2. HP: 19/26 MP: 2/2
   443 | D:1      | Reached skill level 7 in Stealth
   555 | D:1      | Reached skill level 1 in Dodging
   660 | D:1      | Reached XP level 3. HP: 32/32 MP: 3/3
   941 | D:1      | Noticed a bullfrog
   961 | D:1      | Killed a bullfrog
   961 | D:1      | Reached skill level 8 in Stealth
   961 | D:1      | Reached XP level 4. HP: 4/39 MP: 4/4
   966 | D:1      | Reached skill level 9 in Stealth
  1657 | D:2      | Reached XP level 5. HP: 30/45 MP: 5/5
  1822 | D:2      | HP: 1/45 [gnoll/flail (3)]
  1823 | D:2      | Slain by a gnoll

Vault maps used:
D:1:      dpeg_arrival_tiny_a, minmay_misc_feat_room, feat_on_display
D:2:      fedhas_altar_4, chequers_ecumenical_altar_simple_redux

Skill      XL: |  1  2  3  4 |
---------------+-------------+-----
Stealth        | 6 7 8 9 |  9.3
Dodging        | 1 |  1.0
Fighting       | |  2.0
Short Blades   | |  2.0
Throwing       | |  1.7

Action                   |  1- 3 |  4- 6 || total
-------------------------+-------+-------++-------
Melee: Dagger            |   102 |    52 ||   154
  Use: Scroll            |     3 |     2 ||     5
       Potion            |     2 |       ||     2
 Stab: Sleeping          |     6 |     2 ||     8
  Eat: Chunk             |       |     2 ||     2
Armor: Robe              |    28 |    13 ||    41
Dodge: Dodged            |    44 |    18 ||    62
